 Dungeon Sprint DCSS version 0.22-a0-388-g09e6169d0a (webtiles) character file.

93 Laan the Conjurer (level 4, -3/58 HPs)
             Began as a Troll Wizard on Apr 30, 2018.
             Was an Initiate of Vehumet.
             Slain by a yak (14 damage)
             ... in the Dungeon (Sprint IX: "|||||||||||||||||||||||||||||").
             The game lasted 00:02:30 (257 turns).

Laan the Conjurer (Troll Wizard)                     Turns: 257, Time: 00:02:30

Health: -3/58      AC:  5    Str: 20    XL:     4   Next: 36%
Magic:  8/8        EV: 11    Int: 18    God:    Vehumet [......]
Gold:   0          SH:  0    Dex:  8    Spells: 6/10 levels left

rFire    . . .     SeeInvis .   (no weapon)
rCold    . . .     Gourm    +   (no shield)
rNeg     . . .     Faith    .   a - +0 robe
rPois    .         Spirit   .   b - +0 hat
rElec    .         Reflect  .   (no cloak)
rCorr    .         Harm     .   (gloves unavailable)
MR       .....     NoTele   +   (boots unavailable)
Stlth    ..........             (no amulet)
HPRegen  0.59/turn              p - +3 ring of intelligence
MPRegen  0.11/turn              q - +2 ring of evasion

@: berserking, very quick
A: large, unfitting armour, claws 3, fast metabolism 3, gourmand, regeneration
1, shaggy fur 1, tough skin 2
a: Renounce Religion


You were in the Dungeon.
You worshipped Vehumet.
Vehumet was noncommittal.
You were not hungry.

You visited 1 branch

Inventory:

Hand Weapons
 o - a +2 dire flail of crushing
Armour
 a - a +0 robe (worn)
 b - a +0 hat (worn)
Magical Staves
 n - an uncursed staff of energy
Jewellery
 p - a +3 ring of intelligence (left claw)
 q - a +2 ring of evasion (right claw)
Wands
 m - a wand of iceblast (10)
Scrolls
 j - 2 scrolls of blinking
 k - 3 scrolls of remove curse
 l - 2 scrolls of amnesia
Potions
 c - a potion of invisibility
 e - 4 potions of curing
 f - 3 potions of heal wounds
 g - a potion of haste
 h - 4 potions of magic
Comestibles
 d - 2 rations


   Skills:
 - Level 1.5 Dodging
 - Level 1.0 Stealth
 + Level 3.7 Spellcasting
 * Level 5.3 Conjurations
   Level 0.6 Summonings
   Level 0.6 Translocations


You had 6 spell levels left.
You knew the following spells:

 Your Spells              Type           Power        Failure   Level  Hunger
a - Magic Dart            Conj           ###.         1%          1    None
b - Conjure Flame         Conj/Fire      ##......     16%         3    ###....


Dungeon Overview and Level Annotations

Branches:
Dungeon (1/1)

Altars:
Cheibriados
Dithmenos
Elyvilon
Fedhas
Gozag
Hepliaklqana
Kikubaaqudgha
Makhleb
Nemelex Xobeh
Okawaru
Qazlal
Ru
Sif Muna
Trog
Uskayaw
Vehumet
Wu Jian
Xom
Yredelemnul
Zin
The Shining One
Beogh
Jiyva
Lugonu


Innate Abilities, Weirdness & Mutations

You are too large for most types of armour.
You have claws for hands.
Your metabolism is lightning-fast.
You like to eat raw meat.
Your natural rate of healing is unusually fast.
You are covered in fur. (AC +1)
You have very tough skin. (AC +2)


Message History

The yak gores you but does no damage.
You completely miss the yak.
The yak is lightly wounded.
The yak gores you!
You claw the yak!
The yak is moderately wounded.
You closely miss the yak.
The yak is moderately wounded.
The yak gores you!
* * * LOW HITPOINT WARNING * * *
You claw the yak!
The yak is heavily wounded.
The yak gores you.
* * * LOW HITPOINT WARNING * * *
You claw the yak!
The yak is almost dead.
You scratch the yak.
The yak is almost dead.
The yak gores you!
You die...

▓▓▓
▓@▓
▓Y▓
▓o▓
▓o▓
▓Y▓
▓Y▓
▓c▓
▓.▓
▓.▓


You could see a yak, 2 ice beasts, a centaur and 2 orcs.

Vanquished Creatures
  A scorpion (D)
  A crimson imp (D)
  An adder skeleton (D)
  2 bats (D)
  A goblin (D)
  A ball python (D)
  A frilled lizard (D)
  A giant cockroach zombie (D)
  A quokka zombie (D)
10 creatures vanquished.

Notes
Turn   | Place    | Note
-------+----------+-------------------------------------------
     0 | D        | Laan the Troll Wizard began the quest for the Orb.
     0 | D        | Reached XP level 1. HP: 16/16 MP: 2/2
     9 | D        | Reached skill level 1 in Conjurations
    24 | D        | Reached skill level 2 in Conjurations
    41 | D        | Noticed a crimson imp
    41 | D        | Noticed a scorpion
    65 | D        | Reached XP level 2. HP: 24/24 MP: 2/4
    82 | D        | Killed a scorpion
    82 | D        | Reached skill level 4 in Conjurations
    82 | D        | Reached XP level 3. HP: 14/31 MP: 3/6
   100 | D        | Reached skill level 5 in Conjurations
   100 | D        | Reached XP level 4. HP: 27/39 MP: 5/8
   129 | D        | Learned a level 3 spell: Conjure Flame
   134 | D        | Found a roughly hewn altar of Beogh.
   134 | D        | Found a snail-covered altar of Cheibriados.
   134 | D        | Found a shadowy altar of Dithmenos.
   134 | D        | Found a white marble altar of Elyvilon.
   134 | D        | Found a blossoming altar of Fedhas.
   134 | D        | Found an opulent altar of Gozag.
   135 | D        | Found a hazy altar of Hepliaklqana.
   136 | D        | Found a viscous altar of Jiyva.
   137 | D        | Found an ancient bone altar of Kikubaaqudgha.
   138 | D        | Found a corrupted altar of Lugonu.
   139 | D        | Found a burning altar of Makhleb.
   140 | D        | Found a sparkling altar of Nemelex Xobeh.
   141 | D        | Found an iron altar of Okawaru.
   142 | D        | Found a stormy altar of Qazlal.
   143 | D        | Found a sacrificial altar of Ru.
   144 | D        | Found a deep blue altar of Sif Muna.
   145 | D        | Found a bloodstained altar of Trog.
   146 | D        | Found a hide-covered altar of Uskayaw.
   147 | D        | Found a radiant altar of Vehumet.
   148 | D        | Found an ornate altar of the Wu Jian Council.
   149 | D        | Found a shimmering altar of Xom.
   150 | D        | Found a basalt altar of Yredelemnul.
   151 | D        | Found a glowing silver altar of Zin.
   152 | D        | Found a glowing golden altar of the Shining One.
   155 | D        | Became a worshipper of Vehumet
   190 | D        | Noticed a yak
   190 | D        | Noticed an ice beast
   190 | D        | Noticed an ice beast
   190 | D        | Noticed a centaur
   257 | D        | Slain by a yak

Vault maps used:
D:        linesprint

Skill      XL: |  1  2  3 |
---------------+----------+-----
Conjurations   | 2 4 5 |  5.3
Spellcasting   | 3 |  3.7
Dodging        | |  1.5
Stealth        | |  1.0
Summonings     | |  0.6
Translocations | |  0.6

Action                   |  1- 3 |  4- 6 || total
-------------------------+-------+-------++-------
Melee: Unarmed           |    75 |     9 ||    84
       Staff             |       |     3 ||     3
 Cast: Magic Dart        |       |     3 ||     3
  Use: Potion            |     1 |     1 ||     2
  Eat: Chunk             |     3 |       ||     3
Armor: Robe              |    37 |     4 ||    41
Dodge: Dodged            |    31 |     2 ||    33

Table legend:
 A = Spawn XP
 B = Non-spawn XP
 C = Spawn XP percentage of total XP
 D = Spawn monster count
 E = Non-spawn monster count
 F = Spawn count percentage of total count
 G = Total turns spent on level
                    A         B        C        D         E        F      G
               +---------+---------+-------+---------+---------+-------+---------
         Total |       0 |     133 |   0.0 |       0 |      10 |   0.0 |   257
               +---------+---------+-------+---------+---------+-------+---------
             D |       0 |     133 |   0.0 |       0 |      10 |   0.0 |   257
               +---------+---------+-------+---------+---------+-------+---------
